 Dungeon Crawl Stone Soup version 0.29.1-2-gbd0b4ee654 (webtiles) character file.

Game seed: 5454033846214419184

1176 styxcanada the Covert (level 8, -2/42 HPs)
             Began as a Spriggan Brigand on Nov 16, 2022.
             Killed by divine providence
             ... invoked by an orc priest
              (12 damage)
             ... on level 5 of the Dungeon.
             The game lasted 00:18:24 (5277 turns).

styxcanada the Covert (Spriggan Brigand)            Turns: 5277, Time: 00:18:25

Health: -2/42      AC:  3    Str:  6    XL:     8   Next: 18%
Magic:  16/16      EV: 21    Int: 16    God:
Gold:   221        SH:  0    Dex: 18    Spells: 14/17 levels left

rFire   . . .      SeeInvis +   a - +3 dagger (vorpal)
rCold   . . .      Faith    .   (no shield)
rNeg    . . .      Spirit   .   b - +0 robe
rPois   .          Reflect  .   (helmet restricted)
rElec   .          Harm     .   c - +0 cloak
rCorr   .          Rampage  .   (gloves unavailable)
Will    +....                   (boots unavailable)
Stlth   +++++.....              (no amulet)
HPRegen 0.14/turn               (no ring)
MPRegen 0.15/turn               (no ring)

@: very quick
A: very small, no large weapons, unfitting armour, see invisible, speed 3,
clever 1, MP-powered wands
a: no special abilities


You were on level 5 of the Dungeon.
You visited 1 branch of the dungeon, and saw 5 of its levels.

You collected 221 gold pieces.

Inventory:

Hand Weapons
 a - a +3 vorpal dagger (weapon)
 t - a +0 flail of venom
Missiles
 d - 15 poisoned darts (quivered)
 e - 3 curare-tipped darts
 f - 72 stones
 u - 3 boomerangs
Armour
 b - a +0 robe (worn)
 c - a +0 cloak (worn)
 o - an orb of mayhem
Jewellery
 r - a ring of protection from cold
Wands
 m - a wand of digging (5)
 v - a wand of iceblast (4)
Scrolls
 g - 4 scrolls of blinking
 n - 2 scrolls of teleportation
 q - 2 scrolls of enchant weapon
Potions
 h - 2 potions of brilliance
 i - 2 potions of curing
 j - 2 potions of mutation
 k - a potion of lignification
 l - a potion of heal wounds
 p - a potion of resistance
 w - a potion of might {unknown}


   Skills:
 + Level 4.4 Fighting
 + Level 4.9 Short Blades
 + Level 4.0 Throwing
 * Level 6.7 Dodging
 * Level 11.4 Stealth
 * Level 5.0 Spellcasting
 * Level 3.0 Conjurations
 * Level 3.6 Air Magic
 * Level 4.2 Poison Magic
 * Level 5.8 Evocations


You had 14 spell levels left.
You knew the following spells:

 Your Spells              Type           Power      Damage    Failure   Level
a - Mephitic Cloud        Conj/Pois/Air  15%        N/A       11%         3

Your spell library contained the following spells:

 Spells                   Type           Power      Damage    Failure   Level
 Summon Small Mammal      Summ           16%        N/A       16%         1
 Ignite Poison            Fire/Tmut/Pois 8%         N/A       26%         3
 Call Canine Familiar     Summ           4%         N/A       41%         3
 Inner Flame              Hex/Fire       4%         N/A       41%         3
 Summon Guardian Golem    Hex/Summ       4%         N/A       41%         3
 Cause Fear               Hex            2%         N/A       83%         4
 Freezing Cloud           Conj/Ice/Air   5%         6-21      86%         5
 Discord                  Hex            2%         N/A       100%        8


Dungeon Overview and Level Annotations

Branches:
Dungeon (5/15)
 Temple: D:4-7

Altars:
Elyvilon
Ru
Trog
Xom

Annotations:
D:4 LustLizard's ghost, amateur HOMo


Innate Abilities, Weirdness & Mutations

You are very small and have problems with some larger weapons.
You are too small for most types of armour.
You have supernaturally acute eyesight. (SInv)
You cover ground extremely quickly. (Speed+++)
Your mind is acute. (Int +4, Str/Dex -1)
You expend magic power (3 MP) to strengthen your wands.


Message History

You barely miss the orc priest.
The orc priest is moderately wounded.
The orc priest completely misses you.
You hit the orc priest.
The orc priest is heavily wounded.
The orc priest completely misses you.
You hit the orc priest.
The orc priest is almost dead.
You closely miss the orc priest.
The orc priest is almost dead.
The orc priest closely misses you.
You hit the orc priest.
You kill the orc priest!
You hit the orc priest but do no damage.
The orc priest is lightly wounded.
You hit the orc priest but do no damage.
You punch the orc priest, but do no damage.
The orc priest is lightly wounded.
The orc priest barely misses you.
You hit the orc priest.
The orc priest is moderately wounded.
The orc priest begins to cast a cantrip, but forgets the words!
You barely miss the orc priest.
The orc priest is moderately wounded.
The orc priest completely misses you.
You barely miss the orc priest.
The orc priest is moderately wounded.
You hit the orc priest but do no damage.
The orc priest is moderately wounded.
The orc priest invokes the aid of Beogh against you.
Pain shoots through your body!
* * * LOW HITPOINT WARNING * * *
You closely miss the orc priest.
The orc priest is moderately wounded.
The orc priest begins to cast a cantrip, but forgets the words!
You hit the orc priest but do no damage.
The orc priest is moderately wounded.
The orc priest invokes the aid of Beogh against you.
Beogh smites you!
You die...

##########.#######
#....# #.####
#######.######
#.###............#
..[....##[###.##.#
#....)o.# ...
##...##o###.##.
#...........@.# #
####...########
##.. ###


You could see an orc priest.

Vanquished Creatures
  A phantom (D:5)
  2 scorpions
  2 hounds
  3 orc priests
  2 iguanas
  3 orc wizards
  4 adders
  A shadow imp (D:4)
  2 worms
  3 dart slugs
  14 orcs
  3 ball pythons
  5 endoplasms
  3 giant cockroaches
  6 goblins
  5 hobgoblins
  13 jackals
  13 kobolds
  6 quokkas
  9 bats
  3 frilled lizards
  9 rats
112 creatures vanquished.

Vanquished Creatures (others)
  3 plants (D:5)
3 creatures vanquished.

Grand Total: 115 creatures vanquished

Notes
Turn   | Place    | Note
-------+----------+-------------------------------------------
     0 | D:1      | styxcanada the Spriggan Brigand began the quest for the
                  | Orb.
     0 | D:1      | Reached XP level 1. HP: 10/10 MP: 2/2
    16 | D:1      | Reached skill level 6 in Stealth
   311 | D:1      | Reached XP level 2. HP: 14/14 MP: 3/3
   832 | D:1      | Reached XP level 3. HP: 12/18 MP: 4/4
   928 | D:1      | Gained mutation: Your mind is acute. (Int +4, Str/Dex -1)
                  | [potion of mutation]
   928 | D:1      | Gained mutation: You expend magic power (3 MP) to
                  | strengthen your wands. [potion of mutation]
  1087 | D:2      | Reached skill level 7 in Stealth
  1811 | D:2      | Reached XP level 4. HP: 23/23 MP: 5/5
  2345 | D:3      | Noticed a scorpion
  2345 | D:3      | Found a sacrificial altar of Ru.
  2406 | D:3      | Killed a scorpion
  2407 | D:3      | Reached skill level 8 in Stealth
  2482 | D:3      | Reached XP level 5. HP: 22/26 MP: 6/6
  3529 | D:4      | Found a white marble altar of Elyvilon.
  3553 | D:4      | Reached XP level 6. HP: 28/32 MP: 7/7
  3701 | D:4      | Found a runed translucent gate.
  3702 | D:4      | Found a runed translucent gate.
  3702 | D:4      | Noticed LustLizard's ghost (amateur HOMo)
  3706 | D:4      | Found a runed translucent gate.
  3973 | D:4      | Reached skill level 9 in Stealth
  4360 | D:4      | Learned a level 3 spell: Mephitic Cloud
  4573 | D:4      | Found a bloodstained altar of Trog.
  4575 | D:4      | Reached skill level 1 in Spellcasting
  4575 | D:4      | Reached skill level 1 in Evocations
  4923 | D:5      | Entered Level 5 of the Dungeon
  4925 | D:5      | Found a bloodstained altar of Trog.
  4927 | D:5      | Found a sacrificial altar of Ru.
  4927 | D:5      | Found a shimmering altar of Xom.
  4929 | D:5      | Found a burning altar of Makhleb.
  4929 | D:5      | Found a white marble altar of Elyvilon.
  4929 | D:5      | Found a shadowy altar of Dithmenos.
  4984 | D:5      | Reached XP level 7. HP: 35/35 MP: 9/9
  4988 | D:5      | Reached skill level 11 in Stealth
  4988 | D:5      | Reached skill level 5 in Spellcasting
  4988 | D:5      | Reached skill level 5 in Evocations
  4988 | D:5      | Reached XP level 8. HP: 42/42 MP: 9/16
  5277 | D:5      | Killed from afar by an orc priest

Illustrated notes

Levels and vault maps discovered:
D:1:      saegor_arrival_miasma, layout_basic, hex_large
D:2:      layout_loops_cross, chequers_serial_rivers_micro_d
D:3:      layout_loops_ring, mainiacjoe_overflow_tiny_flanked
D:4:      layout_loops_ring, elyvilon_altar_1, trog_book, gammafunk_ghost_split
D:5:      layout_loops_ring, doesnt_xom_only_xom,
          nicolae_kikubaaqudgha_miasma_corner,
          minmay_temple_entry_statues_pillars, serial_bayou_pond_c,
          lexackson_kobold_supper

Skill      XL: |  1  2  3  4  5  6  7 |
---------------+----------------------+-----
Stealth        | 6 7 8 9 11 | 11.4
Dodging        | 2 3 6 |  6.7
Fighting       | 2 4 |  4.4
Short Blades   | 3 4 |  4.9
Spellcasting   | 1 5 |  5.0
Evocations     | 1 5 |  5.8
Throwing       | 4 |  4.0
Conjurations   | 3 |  3.0
Air Magic      | 3 |  3.6
Poison Magic   | 4 |  4.2

Action                   |  1- 3 |  4- 6 |  7- 9 || total
-------------------------+-------+-------+-------++-------
Melee: Dagger            |   131 |   140 |    26 ||   297
       Punch             |     1 |     2 |     1 ||     4
Throw: Dart              |     7 |    39 |       ||    46
  Use: Scroll            |     7 |    10 |     1 ||    18
       Potion            |     1 |     1 |     1 ||     3
 Stab: Sleeping          |    16 |    16 |     3 ||    35
       Distracted        |     2 |     2 |       ||     4
Armor: Robe              |    20 |    12 |       ||    32
Dodge: Dodged            |   110 |    80 |    11 ||   201
